 Dungeon Crawl Stone Soup version 0.31-a0-765-g67fe2935dc (webtiles) character file.

Game seed: 15363593193732744140

2058 Pixllover the Basher (level 9, -1/55 HPs)
             Began as a Gargoyle Berserker on Sept 16, 2023.
             Was an Elder of Trog.
             Slain by an unseen horror (5 damage)
             ... on level 1 of the Abyss.
             The game lasted 00:12:52 (6039 turns).

Pixllover the Basher (Gargoyle Berserker)           Turns: 6039, Time: 00:12:52

Health: -1/55      AC: 22    Str: 26    XL:     9   Next: 25%
Magic:  9/9        EV:  8    Int:  7    God:    Trog [****..]
Gold:   334        SH:  8    Dex:  9    Spells: 8/8 levels left

rFire   . . .        v - +0 morningstar
rCold   . . .        r - +0 kite shield
rNeg    + . .        k - +1 chain mail
rPois   ∞            j - +2 helmet
rElec   +            (no cloak)
rCorr   .            (no gloves)
SInv    .            l - +0 pair of boots
Will    .....        (no amulet) Stlth
                     (no ring)
HPRegen 0.29/turn    (no ring)
MPRegen 0.11/turn

%: no passive effects
@: no status effects
A: sickness immunity, AC +6, negative energy resistance 1, electricity
resistance, torment resistance 1, petrification resistance
a: Renounce Religion, Berserk, Trog's Hand, Brothers in Arms


You were on level 1 of the Abyss.
You worshipped Trog.
Trog was greatly pleased with you.
You visited 1 branch of the dungeon, and saw 6 of its levels.
You visited the Abyss 1 time.

You collected 334 gold pieces.

Inventory:

Hand Weapons
 g - a +0 flail
 t - a +2 mace of protection
 v - a +0 morningstar (weapon)
Missiles
 i - 16 poisoned darts (quivered)
 o - 2 throwing nets
Armour
 j - a +2 helmet (worn)
 k - a +1 chain mail (worn)
 l - a +0 pair of boots (worn)
 r - a +0 kite shield (worn)
Jewellery
 u - a ring of fire
Scrolls
 a - 3 scrolls of fog
 m - a scroll of fear {unknown}
 n - a scroll of enchant armour
 s - a scroll of identify {unknown}
Potions
 c - 6 potions of heal wounds {unknown}
 d - a potion of invisibility {unknown}
 e - 2 potions of curing {unknown}
 f - a potion of haste {unknown}
 h - a potion of magic {unknown}
 p - a potion of might {unknown}
 q - a potion of lignification {unknown}


   Skills:
 + Level 5.9 Fighting
 + Level 8.4 Maces & Flails
 + Level 5.8 Armour
 + Level 3.3 Dodging
 + Level 1.5 Stealth
 + Level 4.3 Shields


You had 8 spell levels left.
You didn't know any spells.
Your spell library was empty.

Dungeon Overview and Level Annotations

Branches:
Dungeon (6/15)
 Temple: D:4-7

Altars:
Ashenzari
Cheibriados
Dithmenos
Elyvilon
Vehumet


Innate Abilities, Weirdness & Mutations

You are immune to sickness and miasma.
Your stone body is resilient. (AC +6)
You are immune to poison.
You resist negative energy. (rN+)
You are resistant to electric shocks. (rElec)
You are resistant to unholy torment.
You are immune to petrification.


Message History

You closely miss something. Something hits you but does no damage.
Something hits you. Something hits you but does no damage.
Something hits you but does no damage. Something hits you but does no damage.
Something hits you but does no damage.
You closely miss something. Something hits you but does no damage.
Something hits you but does no damage. Something hits you but does no damage.
You barely miss something.
Something hits you but does no damage. x2
Something hits you but does no damage. Something completely misses you.
Something hits you! Something hits you but does no damage.
Something hits you but does no damage.
You hit something. Something hits you. Something hits you but does no damage.
You sock something! Something hits you but does no damage.
Found a gateway leading deeper into the Abyss.
Something hits you but does no damage.
You miss something. Something hits you. x2
Something hits you but does no damage.
You closely miss something. Something hits you but does no damage.
Something hits you! Something hits you but does no damage.
Something hits you but does no damage. Something hits you but does no damage.
Something hits you. Something hits you but does no damage.
You puncture something! Something hits you but does no damage.
Something hits you but does no damage. x2
Something hits you but does no damage. Something hits you.
Something hits you but does no damage. Something hits you!
* * * LOW HITPOINT WARNING * * *
You barely miss something.
Something hits you but does no damage. x2
Something hits you.
* * * LOW HITPOINT WARNING * * *
Something hits you!
* * * LOW HITPOINT WARNING * * *
Something hits you but does no damage. Something hits you.
You die...

.. ..... .## ## #...
...# .. . . .. #...
### ......#########.#
# ...
....#.....{..#.### #
######.......@......#
# ..#########.#.#.#
#. # # #.>## .# #.
#### # .. .# #.


There were no monsters in sight!

Vanquished Creatures
  The ghost of void236 the Chopper, an amateur HOMo of Beogh (D:4)
  Prince Ribbit (D:5)
  Eustachio (D:5)
  2 water moccasins (D:6)
  3 black bears (D:6)
  2 ogres
  2 phantoms
  2 kobold brigands (D:4)
  A jelly (D:4)
  A hound (D:5)
  3 iguanas
  A sleepcap (D:5)
  Natasha (thrice) (D:2)
  An orc wizard (D:6)
  Robin (D:2)
  3 gnolls (D:5)
  17 adders
  2 shadow imps (D:4)
  An ufetubus (D:5)
  2 worms (D:2)
  2 dart slugs (D:1)
  7 orcs
  3 endoplasms
  5 giant cockroaches
  12 goblins
  13 hobgoblins
  4 jackals (D:2)
  9 quokkas
  9 ball pythons
  5 bats
  A frilled lizard (D:1)
  7 kobolds
  8 rats
135 creatures vanquished.

Notes
Turn   | Place    | Note
-------+----------+-------------------------------------------
     0 | D:1      | Pixllover the Gargoyle Berserker began the quest for the
                  | Orb.
     0 | D:1      | Reached XP level 1. HP: 14/14 MP: 1/1
   176 | D:1      | Reached XP level 2. HP: 19/19 MP: 2/2
   476 | D:1      | Reached XP level 3. HP: 23/23 MP: 3/3
   999 | D:2      | Reached ** piety under Trog
  1149 | D:2      | Reached XP level 4. HP: 23/29 MP: 4/4
  1218 | D:2      | Reached skill level 4 in Maces & Flails
  1218 | D:2      | Reached skill level 1 in Stealth
  1300 | D:2      | Reached XP level 5. HP: 33/33 MP: 5/5
  1340 | D:2      | Noticed Natasha
  1343 | D:2      | Killed Natasha
  1505 | D:2      | Noticed Robin
  1518 | D:2      | Killed Robin
  1681 | D:2      | Noticed Natasha
  1689 | D:2      | Killed Natasha
  1720 | D:2      | Noticed Natasha
  1728 | D:2      | Killed Natasha
  1729 | D:2      | Reached skill level 5 in Maces & Flails
  1729 | D:2      | Reached XP level 6. HP: 34/39 MP: 6/6
  2313 | D:3      | Reached *** piety under Trog
  2658 | D:3      | Found a white marble altar of Elyvilon.
  3010 | D:4      | Reached XP level 7. HP: 33/44 MP: 7/7
  3106 | D:4      | Found a runed translucent gate.
  3106 | D:4      | Found a runed translucent gate.
  3108 | D:4      | Found a runed translucent gate.
  3108 | D:4      | Noticed void236's ghost (amateur HOMo)
  4048 | D:5      | Entered Level 5 of the Dungeon
  4068 | D:5      | Found a broken altar of Ashenzari.
  4152 | D:5      | Noticed Eustachio
  4181 | D:5      | Killed Eustachio
  4182 | D:5      | Reached skill level 5 in Fighting
  4182 | D:5      | Reached skill level 6 in Maces & Flails
  4380 | D:5      | Reached skill level 1 in Shields
  4440 | D:5      | Noticed Prince Ribbit
  4459 | D:5      | Killed Prince Ribbit
  4460 | D:5      | Reached XP level 8. HP: 49/49 MP: 8/8
  4855 | D:5      | Identified the +2 ring mail of Feral Creativity {rElec
                  | rPois rCorr}
  4907 | D:6      | Reached skill level 7 in Maces & Flails
  4922 | D:6      | Reached skill level 5 in Armour
  5140 | D:6      | Found a shadowy altar of Dithmenos.
  5513 | D:6      | Reached **** piety under Trog
  5514 | D:6      | Reached skill level 8 in Maces & Flails
  5514 | D:6      | Reached XP level 9. HP: 50/55 MP: 9/9
  5585 | D:6      | Found a radiant altar of Vehumet.
  5630 | D:6      | Found a snail-covered altar of Cheibriados.
  5822 | D:4      | Killed void236's ghost
  5830 | D:4      | Paralysed by a kobold for 2 turns
  5832 | Abyss:1  | Cast into level 1 of the Abyss (kobold)
  5878 | Abyss:1  | Noticed a smoke demon
  5881 | Abyss:1  | Noticed a hellwing
  6039 | Abyss:1  | Slain by an unseen horror

Illustrated notes

Levels and vault maps discovered:
D:1:      dpeg_arrival_chambers_temple_mockup, layout_loops_ring,
          reono_crystal_passage
D:2:      layout_loops_ring, minmay_misc_feat_chi, solitary_fountain,
          grunt_ministairs_11, minmay_snake_closets, uniq_natasha, uniq_robin
D:3:      layout_basic, nicolae_elyvilon_peaceful_grove, serial_corexii_hall,
          corexii_hall_statues_u, corexii_hall_statues_t, corexii_hall_statues_i
D:4:      layout_loops_corners, gammafunk_ghost_nasty_kobolds
D:5:      layout_loops_cross, cheibrodos_ashenzari_chains, uniq_eustachio,
          uniq_prince_ribbit1
D:6:      layout_rooms, mainiacjoe_overflow_two_lobes, kennysheep_mini
Abyss:1:  base:
D:3

Skill      XL: |  1  2  3  4  5  6  7  8  9 |
---------------+----------------------------+-----
Dodging        | 2 3 |  3.3
Maces & Flails | 4 5 6 8 |  8.4
Stealth        | 1 |  1.5
Fighting       | 4 5 |  5.9
Armour         | 3 4 5 |  5.8
Shields        | 1 3 4 |  4.3

Action                     |  1- 3 |  4- 6 |  7- 9 || total
---------------------------+-------+-------+-------++-------
  Melee: Mace              |   116 |    75 |   136 ||   327
         Punch             |     1 |     2 |       ||     3
         Flail             |       |   142 |    82 ||   224
         Morningstar       |       |       |    28 ||    28
 Invoke: Berserk           |     1 |     1 |     3 ||     5
         Trog's Hand       |       |     1 |       ||     1
    Use: Scroll            |     4 |     2 |     2 ||     8
   Stab: Sleeping          |     1 |       |       ||     1
 Armour: Animal skin       |    64 |       |       ||    64
         Chain mail        |    12 |   232 |   319 ||   563
  Dodge: Dodged            |    88 |   140 |   117 ||   345
  Block: Kite shield       |       |       |   110 ||   110

Table legend: (Time is in decaauts)
 A = Elapsed time spent in this place.
 B = Non-inter-level travel time spent in this place.
 C = Inter-level travel time spent in this place.
 D = Time resting spent in this place.
 E = Time spent auto-exploring this place.
 F = Levels seen in this place.
 G = Mean time per level.
                   A        B        C        D        E       F      G
               +--------+--------+--------+--------+--------+-----+--------+
         Total |   6180 |   5946 |    234 |    250 |   3662 |   7 |  882.9 |
       Dungeon |   5954 |   5720 |    234 |    172 |   3662 |   6 |  992.3 |
         Abyss |    226 |    226 |      0 |     78 |      0 |   1 |  226.0 |
               +--------+--------+--------+--------+--------+-----+--------+

Top non-repeatable levels by time:
     D:4: 1258 daAuts
     D:2: 1165 daAuts
     D:3: 1046 daAuts
     D:5: 921 daAuts
     D:1: 840 daAuts
     D:6: 721 daAuts
 Abyss:1: 226 daAuts
